 Dungeon Crawl Stone Soup version 0.31-a0-654-gbe3e110b4e (webtiles) character file.

Game seed: 12993366624268174771

126 Ekaitz the Firebug (level 4, 0/31 HPs)
             Began as a Demonspawn Fire Elementalist on Aug 30, 2023.
             Slain by a gnoll
             ... wielding a +0 spear
              (9 damage)
             ... on level 2 of the Dungeon.
             The game lasted 00:04:02 (2489 turns).

Ekaitz the Firebug (Demonspawn Fire Elementalist)   Turns: 2489, Time: 00:04:02

Health: 0/31       AC:  3    Str: 11    XL:     4   Next: 83%
Magic:  5/8        EV: 12    Int: 20    God:
Gold:   112        SH:  0    Dex: 13    Spells: 2/8 levels left

rFire   + . .        d - +2 dagger (speed)
rCold   . . .        (no shield)
rNeg    . . .        p - +1 robe of the Volcano {Int+4}
rPois   .            (no helmet)
rElec   .            (no cloak)
rCorr   .            (no gloves)
SInv    .            (no boots)
Will    .....        (no amulet)
Stlth   ++           h - ring of protection from fire
HPRegen 0.25/turn    (no ring)
MPRegen 0.11/turn

%: no passive effects
@: no status effects
A: claws 2
a: no special abilities


You were on level 2 of the Dungeon.
You visited 1 branch of the dungeon, and saw 3 of its levels.

You collected 112 gold pieces.

Inventory:

Hand Weapons
 d - a +2 dagger of speed (weapon)
Armour
 p - the +1 robe of the Volcano (worn) {Int+4}
   (You took it off a kobold on level 2 of the Dungeon)

   Int+4:     It affects your intelligence (+4).
Jewellery
 h - a ring of protection from fire (left claw)
Scrolls
 i - 2 scrolls of teleportation {unknown}
 l - 4 scrolls of identify {unknown}
 m - a scroll of vulnerability {unknown}
 n - 2 scrolls of amnesia {unknown}
 o - a scroll of immolation {unknown}
Potions
 b - a potion of magic
 c - 2 potions of haste {unknown}
 e - a potion of degeneration {unknown}
 f - a potion of attraction {unknown}
 g - a potion of heal wounds {unknown}
 j - a potion of curing {unknown}
 k - a potion of might {unknown}


   Skills:
 * Level 0.6 Fighting
 + Level 0.2 Short Blades
 + Level 2.3 Dodging
 + Level 2.2 Stealth
 + Level 2.7 Spellcasting
 + Level 1.4 Conjurations
 * Level 1.1 Translocations
 * Level 3.7 Fire Magic


You had 2 spell levels left.
You knew the following spells:

 Your Spells              Type           Power      Damage    Failure   Level
a - Foxfire               Conj/Fire      52%        2x1d6     4%          1
b - Scorch                Fire           34%        2d6       4%          2
c - Volatile Blastmotes   Fire/Tloc      24%        2d12      16%         3

Your spell library contained the following spells:

 Spells                   Type           Power      Damage    Failure   Level
 Magic Dart               Conj           32%        1d4       9%          1
 Call Imp                 Summ           4%         N/A       22%         2
 Inner Flame              Hex/Fire       10%        N/A       21%         3
 Mephitic Cloud           Conj/Pois/Air  4%         N/A       36%         3
 Flame Wave               Conj/Fire      13%        2d6       45%         4


Dungeon Overview and Level Annotations

Branches:
Dungeon (3/15)

Altars:

Shops:
D:1 =


Innate Abilities, Weirdness & Mutations

You have very sharp fingernails.


Message History

You open the door.
There is an open door here.
You open the door.
There is an open door here.
There is an open door here.
Done exploring.
Done exploring.
Okay, then.
You drop a +0 robe.
Done exploring.
There is a stone staircase leading down here.
You climb downwards.
The gnoll shouts! x3; You hear an angry hiss.
Found a stone staircase leading down and a stone staircase leading up.
There is a stone staircase leading up here.
There are monsters nearby!
The gnoll barely misses you. x2
You climb upwards.
There is a stone staircase leading down here.
Casting: Foxfire (safe; 4% risk of failure)
Confirm with . or Enter, or press ? or * to list all spells.
You conjure some foxfire!
The gnoll hits you with a +0 flail! The gnoll hits you with a +0 spear.
Casting: Foxfire (safe; 4% risk of failure)
Confirm with . or Enter, or press ? or * to list all spells.
Flames lash the gnoll.
The gnoll is moderately wounded.
The gnoll's fire resistance burns away.
The foxfire hits the gnoll.
The gnoll is heavily wounded.
The foxfire hits the gnoll.
The gnoll is lightly wounded.
The gnoll hits you with a +0 spear. The gnoll hits you with a +0 flail!
* * * LOW HITPOINT WARNING * * *
Casting: Scorch (safe; 4% risk of failure)
Confirm with . or Enter, or press ? or * to list all spells.
Okay, then.
The gnoll completely misses you. x2
The gnoll barely misses you. The gnoll attacks as it pursues you!
The gnoll hits you from afar with a +0 spear!
You die...

#.#############..
######.# #.........
#......# #......#..
#......# ###......#..
#......####........#..
#..........[..........
##......###############
#......................
#.....@.#..############
#.#..g.................
#.#.#.g.#..#########..#
#.#.....#..........#..#
#.#.##..#...#......#..#
#.#.....#......#####..#
#.###..................
#.# #.#.#....#)########
#.# #.#.#..............


You could see 2 gnolls.

Vanquished Creatures
  Natasha (thrice) (D:2)
  2 worms (D:2)
  A dart slug (D:1)
  4 ball pythons (D:1)
  2 endoplasms
  9 hobgoblins
  2 jackals (D:1)
  5 kobolds
  2 quokkas (D:2)
  6 bats
  A frilled lizard (D:1)
  7 rats
44 creatures vanquished.

Vanquished Creatures (others)
  96 foxfires
96 creatures vanquished.

Grand Total: 140 creatures vanquished

Notes
Turn   | Place    | Note
-------+----------+-------------------------------------------
     0 | D:1      | Ekaitz the Demonspawn Fire Elementalist began the quest for
                  | the Orb.
     0 | D:1      | Reached XP level 1. HP: 13/13 MP: 3/3
   381 | D:1      | Gained mutation: You have sharp fingernails. [demonic
                  | ancestry]
   381 | D:1      | Reached XP level 2. HP: 17/19 MP: 1/5
   385 | D:1      | Reached skill level 3 in Fire Magic
   694 | D:1      | Learned a level 2 spell: Scorch
   744 | D:1      | Found Hiumoz's Jewellery Emporium.
   917 | D:1      | Reached XP level 3. HP: 24/24 MP: 6/6
  1065 | D:1      | Learned a level 3 spell: Volatile Blastmotes
  1784 | D:2      | Noticed Natasha
  1792 | D:2      | Killed Natasha
  1793 | D:2      | Gained mutation: You have very sharp fingernails. [demonic
                  | ancestry]
  1793 | D:2      | Reached XP level 4. HP: 30/30 MP: 0/7
  2035 | D:2      | Noticed Natasha
  2043 | D:2      | Killed Natasha
  2044 | D:2      | Reached skill level 1 in Translocations
  2107 | D:2      | Noticed Natasha
  2109 | D:2      | Identified the +1 robe of the Volcano {Int+4}
  2112 | D:2      | Killed Natasha
  2489 | D:2      | Slain by a gnoll

Illustrated notes

Levels and vault maps discovered:
D:1:      psy_arrival_basics, layout_loops_corners, serial_shops, shop
D:2:      layout_basic, uniq_natasha
D:3:      layout_basic, mainiacjoe_overflow_big_doors,
          mainiacjoe_overflow_boulevard, uniq_crazy_yiuf_cottage

Skill      XL: |  1  2  3  4 |
---------------+-------------+-----
Dodging        | 2 |  2.3
Fire Magic     | 3 |  3.7
Stealth        | 2 |  2.2
Translocations | 1 |  1.1
Fighting       | |  0.6
Short Blades   | |  0.2
Spellcasting   | |  2.7
Conjurations   | |  1.4

Action                     |  1- 3 |  4- 6 || total
---------------------------+-------+-------++-------
  Melee: Dagger            |    25 |     8 ||    33
         Punch             |       |     1 ||     1
   Cast: Foxfire           |    46 |     9 ||    55
         Scorch            |     4 |     3 ||     7
   Stab: Sleeping          |     2 |     1 ||     3
 Armour: Robe              |     7 |     2 ||     9
  Dodge: Dodged            |    14 |    16 ||    30

Table legend: (Time is in decaauts)
 A = Elapsed time spent in this place.
 B = Non-inter-level travel time spent in this place.
 C = Inter-level travel time spent in this place.
 D = Time resting spent in this place.
 E = Time spent auto-exploring this place.
 F = Levels seen in this place.
 G = Mean time per level.
                   A        B        C        D        E       F      G
               +--------+--------+--------+--------+--------+-----+--------+
         Total |   2489 |   2470 |     19 |      0 |   2198 |   3 |  829.7 |
       Dungeon |   2489 |   2470 |     19 |      0 |   2198 |   3 |  829.7 |
               +--------+--------+--------+--------+--------+-----+--------+

Top non-repeatable levels by time:
     D:1: 1248 daAuts
     D:2: 1239 daAuts
     D:3: 1 daAuts
